 Dungeon Crawl Stone Soup version 0.22.1-6-g1668fe2c40 (webtiles) character file.

1781039 Kagerou the Wrestler (level 27, 548/549 HPs)
             Began as a Troll Earth Elementalist on Jan 22, 2019.
             Was the Champion of Fedhas.
             Escaped with the Orb
             ... and 3 runes on Jan 23, 2019!
             The game lasted 04:37:29 (65228 turns).

Kagerou the Wrestler (Troll Earth Elementalist)    Turns: 65228, Time: 04:37:30

Health: 548/549    AC: 37    Str: 32      XL:     27
Magic:  24/29      EV: 14    Int: 20 (22) God:    Fedhas [******]
Gold:   2638       SH: 28    Dex: 13      Spells: 18/36 levels left

rFire    + . .     SeeInvis +     - Unarmed
rCold    + + .     Gourm    +   s - +0 large shield
rNeg     + . .     Faith    .   (armour currently unavailable)
rPois    ∞         Spirit   .   k - +2 hat {MR+}
rElec    +         Reflect  +   j - +2 cloak "Plog" {MR+ Int+3 Dex+2 SInv}
rCorr    .         Harm     .   (gloves unavailable)
MR       ++++.                  (boots unavailable)
Stlth    ..........             N - +6 amulet of reflection
HPRegen  1.41/turn              C - ring of Datiez {rF+ rC++ Str+3}
MPRegen  0.21/turn              n - +6 ring of protection

@: berserking (expiring), statue-form
A: large, unfitting armour, antennae 1, claws 3, fast metabolism 3, gourmand,
regeneration 1
0: Orb of Zot
}: 3/15 runes: decaying, silver, gossamer
a: End Transformation, Fungal Bloom, Sunlight, Evolution, Growth, Reproduction,
Rain, Renounce Religion


You escaped.
You worshipped Fedhas.
Fedhas was exalted by your worship.
You were completely stuffed.
You were a stone statue.
You visited 10 branches of the dungeon, and saw 50 of its levels.
You visited the Abyss 2 times.
You visited 1 bazaar.
You also visited: Labyrinth, Bailey and Desolation.

You collected 6969 gold pieces.
You spent 4331 gold pieces at shops.

Inventory:

Hand Weapons
 b - a +3 blowgun
Missiles
 r - 51 tomahawks
 w - 122 large rocks (quivered)
 B - 3 throwing nets {=F}
 D - 17 poisoned javelins
 Y - 14 curare-tipped needles
Armour
 j - the +2 cloak "Plog" (worn) {MR+ Int+3 Dex+2 SInv}
   (You bought it in a shop in a bazaar)

   It affects your intelligence (+3).
   It affects your dexterity (+2).
   It affects your resistance to hostile enchantments.
   It lets you see invisible.
 k - a +2 hat of magic resistance (worn)
 l - a scarf of repulsion
 s - a +0 large shield (worn)
 A - a +2 robe of resistance (melded)
Jewellery
 c - an uncursed ring of resist corrosion
 n - a +6 ring of protection (right claw)
 C - the ring of Datiez (left claw) {rF+ rC++ Str+3}
   (You took it off a deep elf demonologist on level 3 of the Elven Halls)

   [ring of strength]

   It affects your strength (+3).
   It protects you from fire.
   It greatly protects you from cold.
 I - an uncursed ring of see invisible
 M - the ring "Ynkiev" {+Inv rF+ rN+ MR+ Str+3}
   (You found it on level 3 of the Depths)

   [ring of protection from fire]

   It affects your strength (+3).
   It protects you from fire.
   It protects you from negative energy.
   It affects your resistance to hostile enchantments.
   It lets you turn invisible.
 N - a +6 amulet of reflection (around neck)
 W - the ring of Syebish {+Blink Str-2 Int+8 Stlth+}
   (You bought it in a shop in a bazaar)

   [ring of stealth]

   It affects your strength (-2).
   It affects your intelligence (+8).
   It lets you blink.
   It makes you more stealthy.
Wands
 q - a wand of acid (18)
 u - a wand of enslavement (38)
 y - a wand of clouds (2)
 Q - a wand of iceblast (35)
 X - a wand of digging (11)
 Z - a wand of paralysis (59)
Scrolls
 m - 15 scrolls of identify
 v - 3 scrolls of blinking
 E - 4 scrolls of vulnerability
 F - 2 scrolls of holy word
 G - 26 scrolls of remove curse
 H - 5 scrolls of enchant armour
 R - 4 scrolls of summoning
 S - 9 scrolls of teleportation
 U - 7 scrolls of fog
 V - 3 scrolls of fear
Potions
 e - 4 potions of heal wounds
 f - 17 potions of curing
 g - 2 potions of berserk rage
 h - 8 potions of mutation
 i - 7 potions of might
 o - a potion of invisibility
 p - 5 potions of brilliance
 t - 5 potions of flight
 z - 11 potions of magic
 J - 5 potions of agility
 K - 7 potions of haste
 L - 5 potions of resistance
 O - 7 potions of ambrosia
 T - a potion of cancellation
Miscellaneous
 a - a fan of gales
 x - 2 sacks of spiders
 P - a lamp of fire
Comestibles
 d - 70 rations


   Skills:
 + Level 18.0 Fighting
 - Level 10.0 Throwing
 - Level 8.0 Dodging
 - Level 1.0 Stealth
 - Level 16.0 Shields
 * Level 26.6 Unarmed Combat
 - Level 5.0 Spellcasting
 - Level 2.5 Conjurations
 - Level 5.0 Translocations
 - Level 11.0 Transmutations
 - Level 3.4 Air Magic
 - Level 13.0 Earth Magic
 - Level 2.5 Poison Magic
 - Level 8.0 Evocations


You had 18 spell levels left.
You knew the following spells:

 Your Spells              Type           Power        Failure   Level  Hunger
a - Apportation           Tloc           ####..       1%          1    None
b - Portal Projectile     Hex/Tloc       ###...       12%         3    ##.....
f - Summon Butterflies    Summ           #.......     12%         1    None
o - Mephitic Cloud        Conj/Pois/Air  ###.....     11%         3    ##.....
p - Sandblast             Erth           ######       1%          1    None
s - Statue Form           Tmut/Erth      ######...    13%         6    #######
T - Confusing Touch       Hex            #.....       12%         1    None
W - Passwall              Tmut/Erth      ######..     1%          2    None

Your spell library contained the following spells:

 Spells                   Type           Power        Failure   Level  Hunger
 Beastly Appendage        Tmut           #####.       1%          1    None
 Sticks to Snakes         Tmut           #####...     1%          2    None
 Stone Arrow              Conj/Erth      #####.       1%          3    ##.....
 Petrify                  Tmut/Erth      ######..     1%          4    ####...
 Lee's Rapid Deconstruct  Erth           ######....   1%          5    #####..
 Spider Form              Tmut/Pois      ####......   2%          3    ##.....
 Blade Hands              Tmut           #####.....   3%          5    #####..
 Magic Dart               Conj           ###.         4%          1    None
 Sting                    Conj/Pois      ###.         4%          1    None
 Gell's Gravitas          Tloc           ####......   4%          3    ##.....
 Lesser Beckoning         Tloc           ####......   4%          3    ##.....
 Teleport Other           Tloc           ####....     4%          3    ##.....
 Poisonous Vapours        Pois/Air       ###...       5%          2    None
 Ignite Poison            Fire/Tmut/Pois ###.....     5%          3    ##.....
 Searing Ray              Conj           ###...       6%          2    None
 Leda's Liquefaction      Hex/Erth       ####......   8%          4    ####...
 Throw Frost              Conj/Ice       ##....       11%         2    None
 Animate Skeleton         Necr           N/A          12%         1    None
 Freeze                   Ice            #...         12%         1    None
 Pain                     Necr           #...         12%         1    None
 Summon Small Mammal      Summ           #...         12%         1    None
 Recall                   Summ/Tloc      N/A          12%         3    ##.....
 Ice Form                 Ice/Tmut       ####....     12%         4    ####...
 Call Imp                 Summ           #.......     17%         2    None
 Song of Slaying          Chrm           #.......     17%         2    None
 Sublimation of Blood     Necr           #.........   17%         2    None
 Hydra Form               Tmut           #####.....   19%         6    #######
 Dazzling Spray           Conj/Hex       ##....       21%         3    ##.....
 Alistair's Intoxication  Tmut/Pois      ####....     21%         5    #####..
 Irradiate                Conj/Tmut      ####......   21%         5    #####..
 Force Lance              Conj/Tloc      ###.....     24%         4    ####...
 Yara's Violent Unravell  Hex/Tmut       ####......   32%         5    #####..
 Call Canine Familiar     Summ           #.......     34%         3    ##.....
 Confuse                  Hex            #.......     34%         3    ##.....
 Inner Flame              Hex/Fire       #.......     34%         3    ##.....
 Ozocubu's Armour         Chrm/Ice       #.......     34%         3    ##.....
 Summon Guardian Golem    Hex/Summ       #.......     34%         3    ##.....
 Tukima's Dance           Hex            #.......     34%         3    ##.....
 Bolt of Magma            Conj/Fire/Erth ####......   36%         5    #####..
 Iskenderun's Mystic Bla  Conj           ###.....     38%         4    ####...
 Summon Lightning Spire   Summ/Air       ##......     50%         4    ####...
 Fulminant Prism          Conj/Hex       ##........   56%         4    ####...
 Throw Icicle             Conj/Ice       ##......     56%         4    ####...
 Iron Shot                Conj/Erth      #####.....   58%         6    #######
 Dragon Form              Tmut           #####.....   71%         7    #######
 Cause Fear               Hex            #.........   75%         4    ####...
 Summon Ice Beast         Ice/Summ       #.......     75%         4    ####...
 Summon Forest            Summ/Tloc      ###.......   75%         5    #####..
 Venom Bolt               Conj/Pois      ###.......   75%         5    #####..
 Silence                  Hex/Air        ##........   85%         5    #####..
 Iskenderun's Battlesphe  Conj/Chrm      ##......     88%         5    #####..
 Dispersal                Tloc           ####......   92%         6    #######
 Agony                    Necr           #.......     97%         5    #####..
 Aura of Abjuration       Summ           #.........   97%         5    #####..
 Excruciating Wounds      Chrm/Necr      #.........   97%         5    #####..
 Metabolic Englaciation   Hex/Ice        #.........   97%         5    #####..
 Summon Demon             Summ           #.........   97%         5    #####..
 Summon Mana Viper        Hex/Summ       #.......     97%         5    #####..
 Poison Arrow             Conj/Pois      ###.......   99%         6    #######
 Bolt of Cold             Conj/Ice       ##........   100%        6    #######
 Bolt of Fire             Conj/Fire      ##........   100%        6    #######
 Darkness                 Hex            #.........   100%        6    #######
 Deflect Missiles         Chrm/Air       ##........   100%        6    #######
 Freezing Cloud           Conj/Ice/Air   ##........   100%        6    #######
 Invisibility             Hex            #.......     100%        6    #######
 Ozocubu's Refrigeration  Ice            #.........   100%        6    #######
 Shadow Creatures         Summ           N/A          100%        6    #######
 Simulacrum               Ice/Necr       #.........   100%        6    #######
 Orb of Destruction       Conj           ###.......   100%        7    #######
 Spellforged Servitor     Conj/Summ      ##........   100%        7    #######
 Summon Hydra             Summ           #.........   100%        7    #######
 Chain Lightning          Conj/Air       ###.......   100%        8    #######
 Discord                  Hex            #.........   100%        8    #######
 Lehudib's Crystal Spear  Conj/Erth      #####.....   100%        8    #######
 Fire Storm               Conj/Fire      ##........   100%        9    #######
 Glaciate                 Conj/Ice       ##........   100%        9    #######
 Shatter                  Erth           ######....   100%        9    #######


Dungeon Overview and Level Annotations

Branches:
Dungeon (15/15)            Temple (1/1) D:7            Lair (6/6) D:11
  Swamp (4/4) Lair:4       Spider (4/4) Lair:3        Slime (0/5) Lair:6
    Orc (2/2) D:9             Elf (3/3) Orc:2        Vaults (5/5) D:14
  Crypt (0/3) Vaults:3     Depths (5/5) D:15            Zot (5/5) Depths:5

Altars:
Ashenzari
Cheibriados
Dithmenos
Elyvilon
Fedhas
Gozag
Hepliaklqana
Kikubaaqudgha
Makhleb
Nemelex Xobeh
Okawaru
Qazlal
Ru
Sif Muna
Trog
Uskayaw
Vehumet
Wu Jian
Xom
Yredelemnul
Zin
The Shining One
Beogh
Jiyva

Shops:
D:5 (   D:8 !   D:11 *   D:14 !   Orc:1 [   Orc:2 ([!%*   Elf:3 [   Vaults:4 %

Portals:
Hell: Lair:6 Depths:1 Depths:2 Depths:3 Depths:4 Depths:5
Abyss: Depths:4
Pandemonium: Depths:2 Depths:3
Ziggurat: Depths:4

Annotations:
Elf:2 3 runed doors
Zot:4 exclusion: upstairs


Innate Abilities, Weirdness & Mutations

You are too large for most types of armour.
You have claws for hands.
Your metabolism is lightning-fast.
You like to eat raw meat.
Your natural rate of healing is unusually fast.
((You are covered in fur. (AC +1)))
((You have very tough skin. (AC +2)))
You have a pair of small antennae on your head.


Message History

The Orb Guardian is almost dead.
The neqoxec gestures.
You closely miss the Orb Guardian.
The Orb Guardian is almost dead.
You block the Orb Guardian's attack.
You miss the Orb Guardian.
The Orb Guardian is almost dead.
The ufetubus hits you but does no damage.
The ufetubus misses you. You block the Orb Guardian's attack.
You mangle the Orb Guardian!!
You kill the Orb Guardian!
The ufetubus closely misses you. You block the ufetubus's attack.
What are your orders? t - Shout!
Anything else - Cancel.
You shout wildly!
You block the ufetubus's attack. x2
You eviscerate the neqoxec!!!!
You kill the neqoxec!
The ufetubus disappears in a puff of smoke!
You have escaped!

>..........# #.....)#### #.#.
....#.#########.####.#########.#.
....#.# #....# #.............
....#.# #.##.#####.########.##
...##.# #..........# #...
...##+### #)##'''##..# ####
........# #.#.....#..# #..##...#
#.#.§...#..## ....#...#
#.#..8..#...# ........#
#.#.....#...# .....'###
#.#######...### ....#.#
#.............# ....#.#
######..###.##...# ......#
#.......# #.##...# ......#
#.......# #.###..# ....#.#
#.......# #.###..#
#..##.###.......# #......#


There were no monsters in sight!

Vanquished Creatures
  3 pandemonium lords
  An orb of fire (Zot:5)
  5 juggernauts
  An ancient lich (Depths:4)
  Mennas (Depths:5)
  Boris (Depths:5)
  A Killer Klown (Zot:5)
  3 caustic shrikes
  4 golden dragons
  Nikola (Swamp:2)
  3 bone dragons
  2 electric golems
  14 tentacled monstrosities
  6 liches
  3 Ice Fiends
  26 Orb Guardians
  Asterion (Vaults:2)
  2 deep elf blademasters (Elf:3)
  2 titans
  The ghost of Cykl0x the Severer, an adept DDFi of Makhleb (Depths:2)
  3 death cobs
  2 deep elf master archers (Elf:3)
  4 quicksilver dragons
  2 Executioners
  Frances (D:12)
  5 sphinxes
  6 tengu reavers
  11 storm dragons
  A draconian monk (Zot:4)
  7 shadow dragons
  Roxanne (Elf:2)
  12 fire giants
  11 frost giants
  A draconian scorcher (Zot:3)
  2 iron dragons
  A balrug (D:15)
  A draconian knight (Zot:4)
  3 ghost moths
  18 vault wardens
  2 draconian shifters (Depths:5)
  A cacodemon (Abyss:5)
  An orc warlord (Orc:2)
  7 deep elf sorcerers
  4 deep elf elementalists
  19 stone giants
  2 reapers (D:15)
  A draconian annihilator (Zot:4)
  8 emperor scorpions
  3 spriggan defenders
  7 entropy weavers
  15 ironheart preservers
  21 very ugly things
  A juggernaut skeleton (Depths:1)
  9 deep elf demonologists
  Nessos (D:13)
  2 black draconians
  5 green draconians
  4 vampire knights
  A minotaur (Lab)
  5 red draconians
  6 spark wasps
  2 dire elephants (Zot:4)
  3 white draconians
  8 deep elf annihilators
  3 purple draconians
  Azrael (D:12)
  A yellow draconian (Zot:4)
  11 ettins
  6 deep elf death magi (Elf:3)
  Josephine (Lair:5)
  26 yaktaur captains
  A green death (Zot:2)
  12 fire dragons
  14 great orbs of eyes
  27 vault guards
  6 deep elf high priests
  A ragged hierophant (Desolation)
  Erolcha (D:10)
  21 hydras
  6 ice dragons
  7 rakshasas
  3 ghost crabs
  7 death knights
  10 spriggan air magi
  9 ogre magi
  28 two-headed ogres
  12 centaur warriors
  17 dancing weapons
  The ghost of Flure the Basher, a journeyman TeFi of Okawaru (D:9)
  10 deep troll shamans
  5 death yaks
  12 alligators
  13 deep troll earth magi
  5 orc high priests
  5 tengu warriors
  2 vampire magi
  11 spriggan berserkers
  4 thrashing horrors (Abyss:3)
  25 hell knights
  13 spriggans
  18 deep elf knights
  3 soul eaters
  A titan skeleton (Vaults:5)
  9 skeletal warriors
  A sun demon (Depths:2)
  2 wretched stars (Abyss:3)
  3 sixfirhies
  2 shadow wraiths (Vaults:3)
  4 iron trolls
  3 spriggan druids
  4 glowing orange brains
  19 deep trolls
  A glowing orange brain (shapeshifter) (Vaults:5)
  A shadow demon (Depths:2)
  A flayed ghost (Vaults:3)
  A deep troll (shapeshifter) (Vaults:5)
  An unseen horror (D:14)
  3 lindwurms (Swamp:4)
  6 wizards
  3 large abominations
  A tengu zombie (Vaults:5)
  17 orc knights
  9 swamp dragons
  18 deep elf archers
  6 phantasmal warriors
  Pikel (D:5)
  9 necromancers
  15 orb spiders
  9 harpies
  12 ironbrand convokers
  31 wolf spiders
  2 tengu skeletons
  13 moths of wrath
  46 ugly things
  4 cyclopes
  7 orc sorcerers
  A cyclops (shapeshifter) (Vaults:5)
  A frost giant zombie (Vaults:5)
  A sphinx skeleton (Depths:1)
  7 elephants
  A stone giant zombie (Vaults:1)
  Maurice (D:12)
  A frost giant skeleton (Vaults:5)
  2 ice statues (Swamp:4)
  A moth of wrath (shapeshifter) (Vaults:2)
  A rust devil (Zot:5)
  66 deep elf magi
  A guardian serpent (Desolation)
  14 vault sentinels
  A guardian serpent (shapeshifter) (Vaults:5)
  2 black mambas (Lair:5)
  A water nymph (shapeshifter) (Depths:4)
  A stone giant skeleton (Vaults:1)
  2 naga magi (Depths:1)
  14 spiny frogs
  A smoke demon (Depths:2)
  4 orange demons
  3 gargoyles
  A spiny frog (shapeshifter) (D:13)
  The ghost of jokaro the Spear-Bearer, a novice MfGl (D:14)
  4 centaur skeletons
  5 rime drakes
  A minotaur zombie (Lab)
  2 kobold demonologists
  5 spectral swamp worms (Depths:2)
  2 hellwings
  2 yaktaur zombies (Depths:1)
  7 ice devils
  6 demonic crawlers
  2 tormentors
  8 komodo dragons
  60 yaktaurs
  2 human skeletons (Vaults:1)
  A yaktaur skeleton (Vaults:2)
  A komodo dragon (shapeshifter) (Vaults:5)
  7 freezing wraiths
  4 tengu conjurers
  A queen bee (shapeshifter) (Vaults:4)
  5 red devils
  3 efreet
  A minotaur skeleton (Lab)
  29 jumping spiders
  2 ancient zymes (Abyss:3)
  A polar bear (Lair:3)
  2 meliai
  18 trolls
  5 tyrant leeches
  A hornet (shapeshifter) (Vaults:3)
  15 hornets
  4 saltlings (Desolation)
  42 slime creatures
  A snapping turtle (shapeshifter) (Vaults:5)
  6 bog bodies
  Grinder (D:3)
  A human simulacrum (Vaults:3)
  6 blink frogs
  14 raiju (Abyss:3)
  2 raiju (shapeshifter)
  A slime creature (shapeshifter) (Depths:3)
  A spriggan zombie (Depths:1)
  2 dream sheep (D:11)
  A hippogriff (shapeshifter) (Vaults:3)
  A frost giant simulacrum (Vaults:1)
  6 starcursed masses (Abyss:3)
  2 fire dragon skeletons (Depths:1)
  12 hippogriffs
  3 small abominations
  3 air elementals
  78 redbacks
  10 wraiths
  A yak (shapeshifter) (Vaults:2)
  10 water elementals
  4 fire bats (Orc:1)
  23 tarantellas
  8 wyverns
  An ice dragon skeleton (Depths:1)
  40 yaks
  2 shadows
  Grum (D:7)
  2 ynoxinuls
  3 hungry ghosts
  A golden eye (shapeshifter) (Depths:3)
  A basilisk (shapeshifter) (Vaults:3)
  2 chaos spawn
  A golden eye (Zot:5)
  A fire elemental (D:12)
  3 basilisks
  A human (Zot:4)
  15 vampire mosquitoes
  A yaktaur simulacrum (Vaults:3)
  An elf skeleton (Depths:1)
  2 neqoxecs
  8 wargs
  11 swamp worms
  10 insubstantial wisps
  7 hell hounds
  3 acid dragons
  11 porcupines
  49 orc warriors
  8 water moccasins
  5 ice beasts
  4 swamp drakes
  A black bear (D:9)
  3 sky beasts
  An ettin simulacrum (Vaults:3)
  2 eyes of draining (shapeshifter)
  3 boggarts (D:15)
  39 ogres
  2 eyes of draining
  A hornet zombie (D:8)
  2 phantoms
  A necrophage (D:12)
  21 wolves
  12 crocodiles
  13 centaurs
  3 big kobolds (D:11)
  2 human zombies (Vaults:2)
  20 bullfrogs
  2 wyvern zombies
  2 earth elementals
  2 wyvern skeletons
  A killer bee (shapeshifter) (Vaults:5)
  8 scorpions
  6 killer bees
  5 electric eels
  7 howler monkeys
  4 crimson imps
  A bullfrog zombie (D:12)
  3 quasits
  2 bullfrog skeletons (D:8)
  2 centaur zombies
  10 hounds
  3 jellies
  40 orc priests
  Crazy Yiuf (D:6)
  33 orc wizards
  An iron imp (Depths:2)
  Jessica (D:3)
  7 iguanas
  Terence (D:3)
  5 worker ants
  A hound zombie (D:10)
  A worker ant zombie (D:10)
  14 adders
  3 gnolls
  A gnoll (shapeshifter) (Depths:3)
  6 shadow imps
  3 ufetubi (Depths:2)
  An adder zombie (D:6)
  An adder skeleton (D:9)
  2 worms
  4 dart slugs
  5 leopard geckos
  132 orcs
  7 giant cockroaches
  9 goblins
  10 hobgoblins
  15 jackals
  6 quokkas
  10 bats
  4 frilled lizards
  A jackal skeleton (D:4)
  6 kobolds
  A leopard gecko zombie (D:5)
  3 quokka skeletons
  4 rats
2225 creatures vanquished.

Vanquished Creatures (collateral kills)
  A hornet (Depths:4)
1 creature vanquished.

Vanquished Creatures (others)
  2 Orb Guardians (Zot:4)
  A deep elf blademaster (Elf:3)
  A deep elf master archer (Elf:3)
  2 thorn hunters
  A storm dragon (Zot:4)
  A draconian knight (Zot:4)
  3 draconian shifters (Zot:4)
  3 stone giants
  A black draconian (Zot:4)
  2 green draconians (Zot:4)
  3 red draconians (Zot:4)
  A yellow draconian (Zot:4)
  5 yaktaur captains
  A centaur warrior (Depths:3)
  A shambling mangrove (Swamp:4)
  2 deep elf magi
  A moth of wrath (Zot:4)
  A centaur skeleton (D:12)
  13 yaktaurs
  2 slime creatures (Swamp:3)
  A spriggan (Swamp:4)
  A golden eye (Zot:5)
  An ogre (Depths:4)
  2 centaurs (D:11)
  A bullfrog zombie (D:12)
  An orc priest (Vaults:1)
  2 orcs
  6 fungi
  29 plants
  2 starspawn tentacles (Abyss:3)
93 creatures vanquished.

Grand Total: 2319 creatures vanquished

Notes
Turn   | Place    | Note
-------+----------+-------------------------------------------
     0 | D:1      | Kagerou the Troll Earth Elementalist began the quest for
                  | the Orb.
     0 | D:1      | Reached XP level 1. HP: 16/16 MP: 1/1
   139 | D:1      | Reached skill level 1 in Unarmed Combat
   148 | D:1      | Reached XP level 2. HP: 21/24 MP: 0/2
   168 | D:1      | Learned a level 2 spell: Passwall
   296 | D:1      | Reached skill level 2 in Unarmed Combat
   980 | D:2      | Reached XP level 3. HP: 31/31 MP: 3/3
  1123 | D:2      | Found a sparkling altar of Nemelex Xobeh.
  1326 | D:1      | Reached skill level 3 in Unarmed Combat
  1629 | D:2      | Reached XP level 4. HP: 39/39 MP: 1/4
  1804 | D:2      | Found a shattered altar of Ashenzari.
  1826 | D:2      | Reached skill level 4 in Unarmed Combat
  2328 | D:3      | Noticed Terence
  2365 | D:3      | Found a faded altar of an unknown god.
  2625 | D:3      | Noticed Grinder
  2629 | D:3      | Killed Grinder
  2629 | D:3      | Reached skill level 6 in Unarmed Combat
  2629 | D:3      | Reached XP level 5. HP: 36/45 MP: 5/5
  2629 | D:3      | Reached XP level 6. HP: 42/53 MP: 6/6
  3079 | D:3      | Noticed Jessica
  3092 | D:3      | Killed Jessica
  3236 | D:3      | Killed Terence
  3487 | D:4      | Reached skill level 1 in Fighting
  3851 | D:4      | Reached skill level 7 in Unarmed Combat
  3851 | D:4      | Reached XP level 7. HP: 58/62 MP: 7/7
  4135 | D:5      | Entered Level 5 of the Dungeon
  4191 | D:5      | Reached skill level 2 in Fighting
  4321 | D:5      | Found a basalt altar of Yredelemnul.
  4354 | D:5      | Found a radiant altar of Vehumet.
  4575 | D:5      | Found an iron altar of Okawaru.
  4597 | D:5      | Reached skill level 8 in Unarmed Combat
  4665 | D:5      | Found Yrcheir's Weapon Shop.
  4665 | D:5      | Noticed Pikel
  4719 | D:5      | Killed Pikel
  4719 | D:5      | Reached skill level 3 in Fighting
  4719 | D:5      | Reached skill level 9 in Unarmed Combat
  4719 | D:5      | Reached XP level 8. HP: 45/76 MP: 8/8
  4942 | D:5      | Bought a +0 hunting sling for 19 gold pieces
  5390 | D:6      | Reached skill level 4 in Fighting
  5405 | D:6      | Found a deep blue altar of Sif Muna.
  5636 | D:6      | Reached skill level 10 in Unarmed Combat
  5959 | D:6      | Reached XP level 9. HP: 83/85 MP: 9/9
  6115 | D:6      | Found a runed door.
  6119 | D:6      | Noticed Crazy Yiuf
  6120 | D:6      | Killed Crazy Yiuf
  6412 | D:7      | Found a staircase to the Ecumenical Temple.
  6424 | Temple   | Entered the Ecumenical Temple
  6649 | D:7      | Reached skill level 5 in Fighting
  6694 | D:7      | Found a white marble altar of Elyvilon.
  6793 | D:7      | Found a bloodstained altar of Trog.
  7284 | D:8      | Noticed Grum
  7304 | D:8      | Reached skill level 11 in Unarmed Combat
  7626 | D:8      | Noticed a troll
  8020 | D:7      | Killed Grum
  8229 | D:8      | Noticed a two-headed ogre
  8242 | D:8      | Killed a two-headed ogre
  8242 | D:8      | Reached skill level 6 in Fighting
  8242 | D:8      | Reached skill level 12 in Unarmed Combat
  8242 | D:8      | Reached XP level 10. HP: 87/98 MP: 10/10
  8310 | D:8      | Noticed a two-headed ogre
  8530 | D:8      | Killed a two-headed ogre
  8530 | D:8      | Reached skill level 2 in Throwing
  8646 | D:8      | Found Ruiliopp's Distillery.
  8712 | D:8      | Found a sacrificial altar of Ru.
  8812 | D:8      | Found a blossoming altar of Fedhas.
  8815 | D:8      | Became a worshipper of Fedhas Madash
  8923 | D:8      | Reached skill level 3 in Throwing
  8926 | D:8      | Bought a potion of lignification for 33 gold pieces
  8926 | D:8      | Bought a potion of haste for 110 gold pieces
  8926 | D:8      | Bought a potion of heal wounds for 55 gold pieces
  8926 | D:8      | Bought a potion of might for 44 gold pieces
  8926 | D:8      | Bought 2 potions of curing for 66 gold pieces
  9067 | D:9      | Found a runed door.
  9070 | D:9      | Noticed Flure's ghost (journeyman TeFi)
  9233 | D:9      | Found a flagged portal.
  9244 | Bailey   | Entered a bailey
  9474 | D:9      | Reached skill level 4 in Throwing
  9506 | D:9      | Found a staircase to the Orcish Mines.
  9721 | D:9      | Reached skill level 7 in Fighting
  9962 | D:10     | Entered Level 10 of the Dungeon
 10029 | D:10     | Noticed a gargoyle
 10045 | D:10     | Killed a gargoyle
 10045 | D:10     | Reached skill level 5 in Throwing
 10465 | D:10     | Noticed Erolcha
 10661 | D:11     | Noticed a two-headed ogre
 10675 | D:10     | Killed a two-headed ogre
 10675 | D:10     | Reached XP level 11. HP: 71/109 MP: 11/11
 10759 | D:11     | Noticed a two-headed ogre
 10950 | D:11     | Killed a two-headed ogre
 10950 | D:11     | Reached skill level 6 in Throwing
 10950 | D:11     | Reached skill level 2 in Dodging
 11376 | D:11     | Noticed a two-headed ogre
 11391 | D:11     | Killed a two-headed ogre
 11391 | D:11     | Reached skill level 7 in Throwing
 11391 | D:11     | Reached skill level 3 in Dodging
 11435 | D:11     | Found a staircase to the Lair.
 11493 | D:11     | Noticed a phantasmal warrior
 11650 | D:11     | Reached skill level 8 in Fighting
 11869 | Lair:1   | Entered Level 1 of the Lair of Beasts
 11921 | Lair:1   | Reached skill level 8 in Throwing
 12032 | Lair:1   | Reached skill level 4 in Dodging
 13057 | Lair:2   | Found a labyrinth entrance.
 13075 | Lab      | Entered a labyrinth
 13301 | Lab      | Reached XP level 12. HP: 122/122 MP: 12/12
 13452 | Lab      | Noticed a minotaur
 13467 | Lab      | Killed a minotaur
 13467 | Lab      | Reached skill level 9 in Fighting
 13467 | Lab      | Reached skill level 5 in Dodging
 13866 | Lair:2   | Noticed a seven-headed hydra
 14178 | Lair:2   | Reached skill level 13 in Unarmed Combat
 14539 | Lair:3   | Found a hole to the Spider Nest.
 15273 | Lair:4   | Reached skill level 14 in Unarmed Combat
 15449 | Lair:4   | Identified a scroll of acquirement
 15451 | Lair:4   | Got a colourful robe
 15452 | Lair:4   | Identified the +1 robe "Ijidux" {Str+6 Int+2} (You acquired
                  | it on level 4 of the Lair of Beasts)
 15490 | Lair:4   | Reached * piety under Fedhas
 15606 | Lair:4   | Found a staircase to the Swamp.
 15911 | Lair:4   | Reached skill level 10 in Fighting
 16467 | Lair:5   | Reached skill level 1 in Evocations
 16720 | Lair:5   | Reached XP level 13. HP: 133/133 MP: 13/13
 16737 | Lair:5   | Noticed Josephine
 16765 | Lair:5   | Killed Josephine
 16783 | Lair:5   | Reached skill level 2 in Evocations
 17322 | Lair:6   | Entered Level 6 of the Lair of Beasts
 17440 | Lair:6   | Reached skill level 9 in Throwing
 17638 | Lair:6   | Reached skill level 3 in Evocations
 17723 | Lair:6   | Reached skill level 15 in Unarmed Combat
 17874 | Lair:6   | Reached skill level 10 in Throwing
 18236 | Lair:6   | Found a viscous altar of Jiyva.
 18237 | Lair:6   | Found a staircase to the Slime Pits.
 18708 | D:12     | Noticed Maurice
 18719 | D:12     | Killed Maurice
 18733 | D:12     | Reached skill level 16 in Unarmed Combat
 18990 | D:12     | Noticed Azrael
 19000 | D:12     | Killed Azrael
 19134 | D:12     | Noticed Frances
 19338 | D:9      | Killed Flure's ghost
 19338 | D:9      | Reached XP level 14. HP: 131/143 MP: 15/15
 19569 | Orc:1    | Entered Level 1 of the Orcish Mines
 19569 | Orc:1    | Found a roughly hewn altar of Beogh.
 20072 | Orc:1    | Reached ** piety under Fedhas
 20210 | Orc:2    | Entered Level 2 of the Orcish Mines
 20821 | Orc:1    | Found Agi Dae's Armour Shoppe.
 20902 | Orc:1    | Bought a +2 shield of protection for 236 gold pieces
 20907 | Orc:1    | Bought a +2 robe of resistance for 414 gold pieces
 21139 | Orc:2    | Found a roughly hewn altar of Beogh.
 21224 | Orc:2    | Reached skill level 1 in Shields
 21264 | Orc:2    | Reached skill level 2 in Shields
 21374 | Orc:2    | Reached *** piety under Fedhas
 21382 | Orc:2    | Found Ufuteora's Food Boutique.
 21409 | Orc:2    | Found Fuet's General Store.
 21517 | Orc:2    | Reached skill level 3 in Shields
 21986 | Orc:2    | Reached skill level 4 in Shields
 22118 | Orc:2    | Found a staircase to the Elven Halls.
 22296 | Orc:2    | Noticed an orc warlord
 22337 | Orc:2    | Killed an orc warlord
 22393 | Orc:2    | Found a roughly hewn altar of Beogh.
 22412 | Orc:2    | Found Emokh's Weapon Shop.
 22418 | Orc:2    | Reached skill level 5 in Shields
 22777 | Orc:2    | Reached skill level 6 in Shields
 22827 | Orc:2    | Found Iri Peph's Distillery.
 22845 | Orc:2    | Bought a potion of invisibility for 96 gold pieces
 22845 | Orc:2    | Bought 2 potions of haste for 240 gold pieces
 22845 | Orc:2    | Bought a potion of heal wounds for 60 gold pieces
 22845 | Orc:2    | Bought a potion of resistance for 120 gold pieces
 22845 | Orc:2    | Bought a potion of flight for 36 gold pieces
 23018 | Orc:2    | Bought a scroll of teleportation for 42 gold pieces
 23018 | Orc:2    | Bought a potion of berserk rage for 70 gold pieces
 23018 | Orc:2    | Bought a potion of might for 56 gold pieces
 23451 | D:10     | Killed Erolcha
 23696 | D:11     | Found Kichax's Changing Room.
 23969 | D:11     | Reached skill level 7 in Shields
 24471 | D:11     | Reached **** piety under Fedhas
 24800 | D:13     | Noticed Nessos
 24814 | D:13     | Reached skill level 8 in Shields
 25399 | D:13     | Killed Nessos
 25399 | D:13     | Reached XP level 15. HP: 149/149 MP: 16/16
 26196 | D:14     | Reached skill level 9 in Shields
 26284 | D:13     | Reached skill level 17 in Unarmed Combat
 26513 | D:14     | Found Vurobbuj's Distillery.
 26843 | D:14     | Found a gate to the Vaults.
 27094 | D:14     | Found a runed gate.
 27094 | D:14     | Found a runed gate.
 27097 | D:14     | Found a runed gate.
 27098 | D:14     | Noticed jokaro's ghost (novice MfGl)
 27111 | D:14     | Killed jokaro's ghost
 27367 | D:14     | Found a hide-covered altar of Uskayaw.
 27667 | D:15     | Entered Level 15 of the Dungeon
 27667 | D:15     | Found a shattered altar of Ashenzari.
 27828 | D:15     | Reached skill level 11 in Fighting
 27997 | D:15     | Found a staircase to the Depths.
 28460 | D:15     | Found a blossoming altar of Fedhas.
 28762 | Spider:1 | Entered Level 1 of the Spider Nest
 28788 | Spider:1 | Reached skill level 1 in Transmutations
 28804 | Spider:1 | Reached skill level 3 in Earth Magic
 29203 | Spider:1 | Reached skill level 2 in Transmutations
 29440 | Spider:1 | Reached skill level 4 in Earth Magic
 29525 | Spider:1 | Reached skill level 2 in Spellcasting
 30268 | Spider:2 | Reached skill level 3 in Transmutations
 30505 | Spider:2 | Reached XP level 16. HP: 162/162 MP: 18/18
 30552 | Spider:2 | Reached skill level 5 in Earth Magic
 31046 | Spider:3 | Reached skill level 4 in Transmutations
 31329 | Spider:3 | Reached skill level 6 in Earth Magic
 31552 | Spider:3 | Reached skill level 3 in Spellcasting
 32162 | D:11     | Bought a book of Transfigurations for 605 gold pieces
 32169 | D:11     | Learned a level 6 spell: Statue Form
 32378 | Spider:4 | Entered Level 4 of the Spider Nest
 32389 | Spider:4 | Reached skill level 5 in Transmutations
 32797 | Spider:4 | Reached skill level 7 in Earth Magic
 33616 | Spider:4 | Reached skill level 6 in Transmutations
 33856 | Spider:4 | Learned a level 1 spell: Confusing Touch
 34012 | Spider:4 | Reached skill level 8 in Earth Magic
 34390 | Spider:4 | Reached skill level 4 in Spellcasting
 34701 | Spider:4 | Got a gossamer rune of Zot
 35285 | Lair:6   | Reached XP level 17. HP: 84/170 MP: 22/22
 35411 | Lair:6   | Reached skill level 7 in Transmutations
 35454 | Lair:6   | Found a burning altar of Makhleb.
 35490 | Lair:6   | Found a gateway to Hell.
 35588 | Swamp:1  | Entered Level 1 of the Swamp
 35711 | Swamp:1  | Reached skill level 9 in Earth Magic
 36626 | Swamp:2  | Noticed Nikola
 36639 | Swamp:2  | Killed Nikola
 37019 | Swamp:2  | Reached skill level 8 in Transmutations
 37144 | Swamp:2  | Reached skill level 10 in Earth Magic
 38162 | Swamp:4  | Entered Level 4 of the Swamp
 38895 | Swamp:4  | Got a decaying rune of Zot
 38990 | Swamp:4  | Reached skill level 18 in Unarmed Combat
 39981 | Elf:1    | Entered Level 1 of the Elven Halls
 40025 | Orc:2    | Reached skill level 6 in Dodging
 40048 | Elf:1    | Reached XP level 18. HP: 149/179 MP: 23/23
 40496 | Elf:1    | Identified the Guide on Creation
 40865 | Elf:2    | Found a ruined gateway.
 40877 | Desolati | Entered the Desolation of Salt
 41057 | Elf:2    | Reached skill level 12 in Fighting
 41202 | Elf:2    | Found a runed gate.
 41203 | Elf:2    | Found a runed gate.
 41205 | Elf:2    | Reached skill level 7 in Dodging
 41239 | Elf:2    | Found a runed gate.
 41284 | Elf:2    | Found the +7 sceptre of Torment
 41363 | Elf:2    | Noticed Roxanne
 41391 | Elf:2    | Killed Roxanne
 41577 | Elf:3    | Entered Level 3 of the Elven Halls
 41588 | Elf:3    | Found Bomodgh's Antique Armour Shop.
 41594 | Elf:3    | Reached skill level 19 in Unarmed Combat
 41667 | Elf:3    | Found a gateway to a bazaar.
 42537 | Elf:3    | Reached skill level 8 in Dodging
 42585 | Elf:3    | Reached XP level 19. HP: 191/191 MP: 21/24
 42589 | Elf:3    | Cast into level 2 of the Abyss (a deep elf demonologist)
 42598 | Abyss:2  | Found a corrupted altar of Lugonu.
 42924 | Abyss:3  | Noticed a bone dragon
 42937 | Abyss:3  | Killed a bone dragon
 43043 | Abyss:3  | Reached skill level 20 in Unarmed Combat
 43045 | Elf:3    | Escaped the Abyss
 43045 | Elf:3    | Reached ***** piety under Fedhas
 43084 | Elf:3    | Identified the ring of Datiez {rF+ rC++ Str+3} (You took it
                  | off a deep elf demonologist on level 3 of the Elven Halls)
 43172 | Elf:3    | Identified the amulet of Megalomania {Harm *Drain rElec MR+
                  | Int+4} (You took it off a deep elf death mage on level 3 of
                  | the Elven Halls)
 43308 | Elf:3    | Reached skill level 13 in Fighting
 43523 | Elf:3    | Identified the Grimoire of Compression
 43526 | Elf:3    | Identified the +5 giant spiked club "Uzod" {crush, -Tele
                  | Str+6} (You found it on level 3 of the Elven Halls)
 43529 | Elf:3    | Identified the Guide on the Vitriolic Blaze
 43533 | Elf:3    | Identified Hugirgh's Papyrus of the Lucky Voyage
 43535 | Elf:3    | Identified the Tome of Black Magic and Stones
 43537 | Elf:3    | Identified Sakh's Papyrus of Evil Beguiling
 43992 | D:12     | Killed Frances
 44087 | Vaults:1 | Entered Level 1 of the Vaults
 44092 | Vaults:1 | Learned a level 1 spell: Apportation
 44096 | Vaults:1 | Learned a level 3 spell: Portal Projectile
 44098 | Vaults:1 | Learned a level 1 spell: Summon Butterflies
 44294 | Vaults:1 | Learned a level 3 spell: Mephitic Cloud
 44315 | Vaults:1 | Found a magical portal.
 45745 | Vaults:1 | Reached skill level 21 in Unarmed Combat
 46044 | Vaults:1 | Reached skill level 14 in Fighting
 46255 | Vaults:2 | Reached XP level 20. HP: 206/206 MP: 19/25
 46827 | Vaults:2 | Noticed Asterion
 46843 | Vaults:2 | Killed Asterion
 47531 | Vaults:2 | Reached skill level 15 in Fighting
 47822 | Vaults:3 | Found a staircase to the Crypt.
 47822 | Vaults:3 | Found a basalt altar of Yredelemnul.
 47822 | Vaults:3 | Found an ancient bone altar of Kikubaaqudgha.
 47946 | Vaults:3 | Reached skill level 22 in Unarmed Combat
 48234 | Vaults:3 | Reached skill level 9 in Transmutations
 48397 | Vaults:3 | Reached skill level 1 in Translocations
 48397 | Vaults:3 | Reached skill level 11 in Earth Magic
 48513 | Vaults:3 | Reached skill level 2 in Translocations
 49259 | Vaults:4 | Reached skill level 3 in Translocations
 49329 | Vaults:4 | Reached XP level 21. HP: 218/218 MP: 19/26
 49702 | Vaults:4 | Reached skill level 4 in Translocations
 49949 | Vaults:4 | Reached skill level 10 in Transmutations
 49955 | Vaults:4 | Reached skill level 12 in Earth Magic
 49976 | Vaults:4 | Reached ****** piety under Fedhas
 50075 | Vaults:4 | Found Silloufi's Food Emporium.
 50347 | Vaults:4 | Reached skill level 5 in Translocations
 51103 | Bazaar   | Entered a bazaar
 51103 | Bazaar   | Found Caprigh's Jewellery Boutique.
 51113 | Bazaar   | Found Suugimum's Antique Armour Emporium.
 51124 | Bazaar   | Found Woem's Distillery.
 51132 | Bazaar   | Found Hedih's Antique Weapon Shop.
 51143 | Bazaar   | Found Icry's General Store.
 51181 | Bazaar   | Bought 2 potions of experience for 1000 gold pieces
 51183 | Bazaar   | Reached XP level 22. HP: 227/227 MP: 27/27
 51184 | Bazaar   | Reached XP level 23. HP: 235/235 MP: 28/28
 51187 | Bazaar   | Bought a potion of heal wounds for 50 gold pieces
 51187 | Bazaar   | Bought a potion of haste for 100 gold pieces
 51187 | Bazaar   | Bought a potion of might for 40 gold pieces
 51187 | Bazaar   | Bought a potion of ambrosia for 80 gold pieces
 51187 | Bazaar   | Bought a potion of might for 40 gold pieces
 51198 | Bazaar   | Bought a warped cloak for 323 gold pieces
 51198 | Bazaar   | Identified the +2 cloak "Plog" {MR+ Int+3 Dex+2 SInv} (You
                  | bought it in a shop in a bazaar)
 51220 | Bazaar   | Bought the ring of Syebish {+Blink Str-2 Int+8 Stlth+} for
                  | 396 gold pieces
 51550 | Depths:1 | Entered Level 1 of the Depths
 52215 | Depths:1 | Reached skill level 13 in Earth Magic
 52340 | Depths:1 | Reached skill level 11 in Transmutations
 52468 | Depths:1 | Found a radiant altar of Vehumet.
 52475 | Depths:1 | Identified the cursed +0 hat of the Blizzard {rCorr Str+3
                  | Int-2} (You found it on level 1 of the Depths)
 52510 | Depths:1 | Identified the +1 robe of the Ancient Spirits {*Slow +Blink
                  | MR+ rCorr} (You found it on level 1 of the Depths)
 52737 | Depths:1 | Reached skill level 4 in Evocations
 52968 | Depths:2 | Reached skill level 5 in Spellcasting
 52994 | Depths:2 | Reached skill level 5 in Evocations
 53014 | Depths:2 | Reached skill level 1 in Air Magic
 53030 | Depths:2 | Reached skill level 1 in Conjurations
 53030 | Depths:2 | Reached skill level 1 in Poison Magic
 53048 | Depths:2 | Reached skill level 2 in Air Magic
 53239 | Depths:2 | Reached skill level 2 in Conjurations
 53239 | Depths:2 | Reached skill level 2 in Poison Magic
 53257 | Depths:2 | Reached skill level 3 in Air Magic
 53588 | Depths:2 | Reached XP level 24. HP: 240/244 MP: 29/29
 53987 | Depths:2 | Found a runed door.
 53988 | Depths:2 | Noticed Cykl0x's ghost (adept DDFi)
 53998 | Depths:2 | Killed Cykl0x's ghost
 54049 | Depths:2 | Found a one-way gate leading to the halls of Pandemonium.
 54697 | Depths:3 | Reached skill level 10 in Shields
 54778 | Depths:3 | Found an ancient bone altar of Kikubaaqudgha.
 54779 | Depths:3 | Found a shattered altar of Ashenzari.
 54779 | Depths:3 | Found a shattered altar of Ashenzari.
 54857 | Depths:3 | Noticed a juggernaut
 55226 | Depths:3 | Noticed a juggernaut
 55238 | Depths:3 | Killed a juggernaut
 55320 | Depths:3 | Killed a juggernaut
 55366 | Depths:3 | Reached skill level 11 in Shields
 55714 | Depths:3 | Noticed a juggernaut
 55721 | Depths:3 | Noticed a juggernaut
 55736 | Depths:3 | Killed a juggernaut
 55736 | Depths:3 | Reached skill level 23 in Unarmed Combat
 55742 | Depths:3 | Killed a juggernaut
 55796 | Depths:3 | Reached XP level 25. HP: 254/254 MP: 28/29
 55870 | Depths:3 | Identified the ring "Ynkiev" {+Inv rF+ rN+ MR+ Str+3} (You
                  | found it on level 3 of the Depths)
 56031 | Depths:4 | Reached skill level 12 in Shields
 56739 | Depths:4 | Found a gateway to a ziggurat.
 57990 | Depths:4 | Found a one-way gate to the infinite horrors of the Abyss.
 58012 | Depths:4 | Noticed an ancient lich
 58029 | Depths:4 | Killed an ancient lich
 58029 | Depths:4 | Reached skill level 13 in Shields
 58102 | Depths:4 | Noticed a juggernaut
 58104 | Depths:4 | Killed a juggernaut
 58113 | Depths:4 | Reached skill level 14 in Shields
 58340 | Depths:5 | Entered Level 5 of the Depths
 58389 | Depths:5 | Noticed Mennas
 58407 | Depths:5 | Killed Mennas
 58558 | Depths:5 | Reached skill level 15 in Shields
 58628 | Depths:5 | Found a gate to the Realm of Zot.
 58920 | Depths:5 | Noticed Boris
 58935 | Depths:5 | Killed Boris
 58935 | Depths:5 | Reached skill level 16 in Shields
 58935 | Depths:5 | Reached XP level 26. HP: 221/265 MP: 25/29
 60007 | Vaults:5 | Entered Level 5 of the Vaults
 60029 | Vaults:4 | Reached skill level 16 in Fighting
 60496 | Vaults:5 | Reached skill level 24 in Unarmed Combat
 60566 | Vaults:5 | Got a silver rune of Zot
 60798 | Vaults:5 | Identified the ring "Utapru" {Fire MP+9} (You took it off a
                  | deep elf demonologist on level 5 of the Vaults)
 61692 | Vaults:5 | Reached skill level 25 in Unarmed Combat
 61703 | Vaults:5 | Reached skill level 17 in Fighting
 62509 | Zot:1    | Entered Level 1 of the Realm of Zot
 62594 | Zot:2    | Reached XP level 27. HP: 278/278 MP: 28/29
 62947 | Zot:4    | Cast into level 5 of the Abyss (a Zot trap)
 62947 | Abyss:5  | Entered Level 5 of the Abyss
 63035 | Abyss:5  | Kagerou: lol
 63035 | Abyss:5  | Flugkiller: so close
 63035 | Abyss:5  | Kagerou: Teleported two turns away from exiting the abyss.
 63061 | Zot:4    | Escaped the Abyss
 63278 | Zot:5    | Entered Level 5 of the Realm of Zot
 63424 | Zot:5    | Flugkiller: Do you have hat of the alchemist or is that
                  | just a normal hat tile?
 63424 | Zot:5    | Kagerou: Just a hat.
 63424 | Zot:5    | Flugkiller: Alright
 64082 | Zot:5    | Kagerou: Should've levelled up Traps&Doors, man.
 64089 | Zot:5    | Reached skill level 26 in Unarmed Combat
 64094 | Zot:5    | Reached skill level 6 in Evocations
 64118 | Zot:5    | Noticed an orb of fire
 64123 | Zot:5    | Gained mutation: You have a pair of small antennae on your
                  | head. [an orb of fire]
 64127 | Zot:5    | Killed an orb of fire
 64318 | Zot:5    | Reached skill level 7 in Evocations
 64388 | Zot:5    | Got the Orb of Zot
 64409 | Zot:5    | Noticed Seurphexa the pandemonium lord
 64448 | Zot:5    | Killed Seurphexa the pandemonium lord
 64679 | Depths:5 | Noticed Pucuiw the pandemonium lord
 64687 | Depths:5 | Killed Pucuiw the pandemonium lord
 64870 | D:15     | Noticed Juaschoo the pandemonium lord
 64881 | D:15     | Killed Juaschoo the pandemonium lord
 64881 | D:15     | Reached skill level 8 in Evocations
 64885 | D:15     | Reached skill level 18 in Fighting
 65196 | D:1      | Kagerou: Forgot a lig potion to roleplay as a tree >_<>
                  | ERROR: string above had unterminated tag
 65210 | D:1      | Flugkiller: oh :(
 65214 | D:1      | Flugkiller: gg
 65228 | D:$      | Escaped with the Orb!

Skill      XL: |  1  2  3  4  5  6  7  8  9 10 11 12 13 14 15 16 17 18 19 20 21 22 23 24 25 26 27 |
---------------+----------------------------------------------------------------------------------+-----
Unarmed Combat | 1 2 3 6 7 9 10 12 14 16 17 18 19 21 22 23 25 26 | 26.6
Fighting       | 1 3 4 6 7 8 10 11 12 14 15 17 18 | 18.0
Throwing       | 5 8 10 | 10.0
Dodging        | 4 5 6 8 |  8.0
Evocations     | 1 3 5 8 |  8.0
Shields        | 8 9 11 16 | 16.0
Transmutations | 3 6 8 9 10 11 | 11.0
Earth Magic    | 4 8 10 11 12 13 | 13.0
Spellcasting   | 2 4 5 |  5.0
Translocations | 3 5 |  5.0
Air Magic      | 3 |  3.4
Conjurations   | 2 |  2.5
Poison Magic   | 2 |  2.5
Stealth        | |  1.0

Action                   |  1- 3 |  4- 6 |  7- 9 | 10-12 | 13-15 | 16-18 | 19-21 | 22-24 | 25-27 || total
-------------------------+-------+-------+-------+-------+-------+-------+-------+-------+-------++-------
Melee: Unarmed           |   111 |   119 |   284 |   685 |  1400 |  1445 |  1031 |   614 |  1157 ||  6846
       Punch             |       |     1 |    12 |    36 |    25 |       |       |       |       ||    74
 Fire: Hunting sling     |       |       |    70 |    22 |       |       |       |       |       ||    92
       Blowgun           |       |       |       |       |       |       |     3 |     2 |       ||     5
Throw: Stone             |    46 |    11 |    12 |       |    10 |       |       |       |       ||    79
       Large rock        |       |       |     7 |     9 |    48 |    63 |    38 |    22 |    36 ||   223
       Tomahawk          |       |       |     2 |    28 |   102 |    45 |       |       |       ||   177
       Javelin           |       |       |     1 |    58 |    73 |    48 |     7 |       |       ||   187
 Cast: Sandblast         |    13 |    25 |    17 |       |       |       |       |       |       ||    55
       Statue Form       |       |       |       |       |       |    51 |    54 |    31 |    68 ||   204
       Passwall          |       |       |       |       |       |     1 |     6 |     1 |     5 ||    13
       Apportation       |       |       |       |       |       |       |       |     1 |    11 ||    12
       Mephitic Cloud    |       |       |       |       |       |       |       |       |     2 ||     2
 Abil: End Transformatio |       |       |       |       |       |       |     6 |     1 |    21 ||    28
       Evoke Blink       |       |       |       |       |       |       |       |     2 |       ||     2
Evoke: Wand              |       |     4 |       |    15 |     7 |     7 |     2 |     1 |     5 ||    41
       Lamp of fire      |       |       |       |       |       |     1 |     2 |       |       ||     3
       Sack of spiders   |       |       |       |       |       |       |       |       |     1 ||     1
       Fan of gales      |       |       |       |       |       |       |       |       |     1 ||     1
  Use: Scroll            |     3 |     5 |     8 |    18 |     8 |    11 |     7 |     4 |     7 ||    71
       Potion            |       |       |       |     3 |     5 |     7 |     7 |     3 |     8 ||    33
 Stab: Sleeping          |       |     2 |     1 |     2 |     1 |       |     4 |     5 |     2 ||    17
       Invisible         |       |       |       |     1 |       |       |       |       |       ||     1
       Confused          |       |       |       |       |     4 |       |       |       |     2 ||     6
       Distracted        |       |       |       |       |       |       |     1 |       |       ||     1
       Paralysed         |       |       |       |       |       |       |       |       |     2 ||     2
  Eat: Chunk             |    21 |    21 |    37 |    79 |   120 |   114 |   115 |    66 |   106 ||   679
       Ration            |       |       |       |     1 |     2 |     9 |       |     1 |     7 ||    20
Armor: Robe              |    54 |    32 |    75 |    52 |   261 |   376 |    38 |    24 |    26 ||   938
       Troll leather arm |       |       |       |   159 |   189 |       |       |       |       ||   348
       Skin              |       |       |       |       |       |   663 |   294 |   205 |   394 ||  1556
Dodge: Dodged            |    69 |    56 |   120 |   250 |   523 |   746 |   313 |   165 |   326 ||  2568
Block: Shield            |       |       |       |       |   427 |  1022 |   767 |   462 |    32 ||  2710
       Reflection        |       |       |       |       |       |    10 |    65 |    53 |    67 ||   195
       Large shield      |       |       |       |       |       |       |       |       |  1239 ||  1239
